Map: 暮色之塔

Players

shengy - Winner!

  • Race: Zerg Zerg

MikeyWils

  • Race: Terran Terran
  • League: Gold

VOD

Have the link to the VOD?

Description

Time

  • Played on: Nov. 21, 2015, 11:39 p.m.
  • Length: 10:51
Show
View Real Time Build Order
Export as new Build Order

shengy Zerg - Winner!

Build Orders: Hatch First, Muta Ling Bane 

Get SALT Encoding   

  12  0:01  Drone  
  13  0:08  Drone  
  14  0:19  Overlord  
  14  0:38  Drone x3  
  17  0:50  Drone  
  18  1:02  Hatchery, Drone  
  18  1:13  Spawning Pool  
  18  1:15  Drone  
  18  1:21  Overlord  
  18  1:35  Drone  
  19  1:43  Drone  
  20  1:55  Hatchery  
  20  1:56  Drone  
  20  2:01  Queen  
  20  2:05  Zergling x2  
  23  2:13  Queen  
  25  2:16  Drone  
  25  2:17  Drone  
  27  2:24  Overlord  
  27  2:28  Drone  
  28  2:40  Queen  
  28  2:42  Drone  
  28  2:44  Overlord  
  31  2:47  Drone  
  31  2:48  Drone  
  33  2:58  Drone x2  
  35  3:08  Overlord  
  35  3:09  Drone x2  
  36  3:16  Extractor  
  36  3:18  Extractor  
  36  3:19  Queen  
  36  3:29  Overlord  
  36  3:31  Drone x5  
  36  3:32  Drone x2  
  43  3:44  Drone  
  44  3:50  Roach Warren  
  44  3:55  Extractor  
  42  3:56  Extractor, Drone x3  
  42  4:01  Drone x4  
  42  4:02  Drone x2  
  50  4:14  Drone  
  50  4:16  Lair  
  51  4:27  Metabolic Boost  
  51  4:30  Drone  
  52  4:32  Roach x2  
  56  4:45  Roach x2  
  60  4:46  Roach  
  62  4:54  Roach  
  62  4:55  Roach  
  66  5:00  Overlord x2  
  66  5:19  Overlord x2  
  66  5:23  Overlord x5  
  66  5:39  Ravager x2  
  66  5:40  Ravager x4  
  72  5:43  Ravager  
  72  5:45  Zergling x2  
  72  5:46  Zergling x10  
  72  5:47  Zergling x6  
  67  6:11  Drone  
  67  6:12  Drone x8  
  67  6:13  Drone x3  
  78  6:27  Drone, Queen  
  81  6:33  Extractor  
  81  6:36  Extractor  
  81  6:37  Spire  
  78  6:41  Infestation Pit  
  78  6:43  Evolution Chamber  
  78  6:45  Evolution Chamber  
  75  6:48  Baneling Nest  
  75  6:51  Overlord x2  
  75  6:52  Drone x2  
  76  7:04  Hatchery  
  75  7:28  Drone x3  
  78  7:35  Overlord  
  78  7:36  Overlord  
  78  7:38  Centrifical Hooks  
  78  7:41  Baneling x2  
  78  7:58  Hive  
  77  7:59  Pneumatized Carapace  
  77  8:04  Zerg Flyer Weapons Level 1, Mutalisk  
  79  8:06  Mutalisk x8  
  79  8:11  Overseer  
  95  8:18  Drone  
  95  8:19  Drone x4  
  100  8:27  Overseer  
  100  8:29  Extractor  
  100  8:33  Extractor  
  85  8:43  Zergling x2  
  85  8:45  Zergling x18  
  85  8:46  Zergling x20  
  85  8:47  Zergling x2  
  106  8:54  Hatchery  
  106  8:55  Zergling x6  
  107  8:56  Hatchery, Zergling x10  
  107  8:59  Overseer  
  95  9:24  Pathogen Glands  
  95  9:37  Baneling x5  
  95  9:38  Baneling x3  
  95  9:45  Mutalisk  
  95  9:46  Mutalisk x6  
  95  9:47  Mutalisk x2  
  98  10:27  Extractor, Overlord x4  
Show
View Real Time Build Order
Export as new Build Order

MikeyWils Terran 

Build Orders: 1/1/1, Liberator Opening 

Get SALT Encoding   

  12  0:05  SCV  
  13  0:17  SCV  
  14  0:22  Supply Depot  
  14  0:25  Refinery  
  14  0:29  SCV  
  15  0:43  SCV  
  15  0:45  Barracks  
  16  0:55  SCV  
  17  1:01  Supply Depot  
  17  1:07  SCV  
  18  1:20  SCV  
  19  1:32  SCV  
  20  1:33  Marine  
  20  1:37  Factory  
  21  1:44  Orbital Command  
  21  1:46  Refinery  
  21  1:50  Marine  
  22  2:08  Marine  
  22  2:10  SCV  
  25  2:22  SCV  
  25  2:23  Factory Tech Lab, Starport  
  25  2:29  Supply Depot, Marine  
  25  2:35  SCV  
  27  2:42  Siege Tank  
  30  2:47  SCV  
  30  2:50  Liberator, Marine  
  32  2:52  Supply Depot  
  32  3:09  Marine  
  36  3:23  Command Center  
  36  3:30  Engineering Bay  
  36  3:40  Marine  
  37  3:43  Siege Tank  
  40  3:49  Liberator  
  40  4:04  Marine  
  44  4:10  Supply Depot  
  44  4:16  Barracks  
  44  4:17  Barracks  
  44  4:23  Siege Tank  
  47  4:32  SCV  
  48  5:01  Marine  
  49  5:12  Orbital Command  
  49  5:13  Barracks Tech Lab  
  49  5:14  Barracks Tech Lab  
  49  5:15  Factory  
  49  5:17  Starport Reactor  
  49  5:19  Barracks, Marine  
  50  5:46  Marauder x2  
  54  5:55  Viking x2  
  50  6:10  Marauder x2, Marine x2  
  50  6:12  SCV  
  50  6:17  Factory Reactor  
  47  6:35  Marauder  
  47  6:36  Marauder  
  51  6:43  Supply Depot  
  51  6:52  Starport Tech Lab  
  51  6:53  Marine x2  
  53  7:01  Marine  
  53  7:03  Widow Mine x2  
  58  7:12  Orbital Command  
  58  7:14  Terran Infantry Armor Level 1  
  58  7:15  Cloaking Field  
  58  7:27  SCV  
  58  8:07  Banshee  
  58  8:08  Marine x2  
  58  8:12  Hellion x2  
  67  8:14  SCV  
  67  8:18  Armory  
  68  8:26  SCV  
  69  8:33  Refinery  
  69  8:35  Refinery  
  69  8:43  Hellion x2  
  69  8:44  Infernal Pre-Igniter  
  69  8:45  Marine x2  
  75  8:50  Banshee  
  70  9:12  SCV  
  70  9:17  Thor, Marine x2  
  48  9:19  Combat Shields  
  50  9:28  Widow Mine x2  
  51  9:33  Missile Turret  
  51  9:34  Missile Turret, Marine x3  
  51  9:35  Marine x2  
  51  9:37  Banshee  
  58  9:57  Widow Mine x2  
Tags
 
Add a new tag
Caveats
  • Supply blocks, unpowered buildings, or Contaminate may cause inaccurate times.
  • Supply counts are checked every 10 seconds.